 Dungeon Crawl Stone Soup version 0.22-a0-161-g198051c (webtiles) character file.

37 vishdafish the Charmwright (level 3, 0/40 HPs)
             Began as a Demonspawn Skald on Feb 11, 2018.
             Succumbed to an adder's poison
             ... on level 2 of the Dungeon.
             The game lasted 00:04:57 (1232 turns).

vishdafish the Charmwright (Demonspawn Skald)       Turns: 1232, Time: 00:04:58

Health: 0/40       AC:  3    Str: 16    XL:     3   Next: 23%
Magic:  5/6        EV: 12    Int: 20    God:
Gold:   49         SH:  0    Dex: 12    Spells: 5/6 levels left

rFire    . . .     SeeInvis .   a - +0 falchion
rCold    . . .     Gourm    .   (no shield)
rNeg     . . .     Faith    .   b - +0 leather armour
rPois    .         Spirit   .   (no helmet)
rElec    .         Reflect  .   (no cloak)
rCorr    .         Harm     .   (no gloves)
MR       .....                  (no boots)
Stlth    ..........             (no amulet)
HPRegen  0.13/turn              (no ring)
MPRegen  0.10/turn              (no ring)

@: brilliant, berserking, lethally poisoned (0 -> -5), very quick
A: powered by death 1
a: no special abilities


You were on level 2 of the Dungeon.
You were very hungry.

You visited 1 branch of the dungeon, and saw 2 of its levels.

You collected 49 gold pieces.

Inventory:

Hand Weapons
 a - a +0 falchion (weapon)
 i - a +1 dagger of pain
Armour
 b - a +0 leather armour (worn)
Scrolls
 g - 2 scrolls of remove curse {unknown}
 h - a scroll of enchant weapon {unknown}
 j - a scroll of identify {unknown}
 k - a scroll of teleportation {unknown}
Books
 c - a book of Battle

   Spells                             Type                      Level
   a - Infusion                       Charms                       1
   b - Shroud of Golubria             Charms/Translocation         2
   c - Song of Slaying                Charms                       2
   d - Spectral Weapon                Hexes/Charms                 3
   e - Regeneration                   Charms/Necromancy            3
Comestibles
 d - a ration


   Skills:
 + Level 2.2 Fighting
 + Level 2.4 Long Blades
 - Level 1.0 Armour
 + Level 2.2 Dodging
 - Level 2.0 Spellcasting
 + Level 3.0 Charms


You had 5 spell levels left.
You knew the following spells:

 Your Spells              Type           Power        Failure   Level  Hunger
a - Infusion              Chrm           ####         1%          1    #......


Dungeon Overview and Level Annotations

Branches:
Dungeon (2/15)

Altars:


Innate Abilities, Weirdness & Mutations

You regenerate a little health from kills.


Message History

It was a potion of cancellation.
Your magical effects are unravelling.
You feel magically purged.
You are no longer magically infusing your attacks.
The adder bites you.
* * * LOW HITPOINT WARNING * * *
It was a potion of brilliance.
You feel clever all of a sudden.
* * * LOW HITPOINT WARNING * * *
You feel sick. The adder completely misses you. The adder misses you.
You riposte.
You hit the adder.
The adder is severely wounded.
* * * LOW HITPOINT WARNING * * *
You feel sick.
It was a potion of berserk rage.
A red film seems to cover your vision as you go berserk!
You feel yourself moving faster!
You feel mighty! The adder barely misses you.
You miss the adder.
The adder is severely wounded.
You die...

#.......#
#...)...#
+.......# ..
#.......# ....
#.......#
....#+#.......#
. ..........<#.#
.. #........##.#
...#.........S@#
%...........####
............#
............#
........#####
###.....#
#.....# #.....#
.......#


You could see an adder.

Vanquished Creatures
  An ooze (D:1)
  2 dart slugs (D:1)
  A leopard gecko (D:1)
  3 giant cockroaches (D:1)
  2 goblins (D:1)
  3 hobgoblins (D:1)
  4 bats (D:1)
  3 frilled lizards (D:1)
  6 kobolds (D:1)
  3 rats (D:1)
28 creatures vanquished.

Notes
Turn   | Place    | Note
-------+----------+-------------------------------------------
     0 | D:1      | vishdafish the Demonspawn Skald began the quest for the Orb.
     0 | D:1      | Reached XP level 1. HP: 16/16 MP: 3/3
    46 | D:1      | Reached skill level 1 in Armour
   232 | D:1      | Gained mutation: You regenerate a little health from kills. [demonic ancestry]
   232 | D:1      | Reached XP level 2. HP: 16/22 MP: 0/5
   706 | D:1      | Reached skill level 3 in Charms
   750 | D:1      | Reached XP level 3. HP: 27/27 MP: 6/6
  1230 | D:2      | HP: 1/27 [poisoned by an adder]
  1232 | D:2      | Succumbed to an adder's poison

Vault maps used:
D:1:      matt_arrival_los_fun
D:2:      first_ration, lightli_corner_chamber

Skill      XL: |  1  2 |
---------------+-------+-----
Long Blades    | 2 |  2.4
Armour         | 1 |  1.0
Dodging        | 2 |  2.2
Charms         | 3 |  3.0
Fighting       | |  2.2
Spellcasting   | |  2.0

Action                   || total
-------------------------++-------
Melee: Falchion          ||    90
 Cast: Infusion          ||     5
  Use: Potion            ||     3
Armor: Leather armour    ||    26
Dodge: Dodged            ||    73
       Rpst.: Falchion   ||    24

Table legend:
 A = Spawn XP
 B = Non-spawn XP
 C = Spawn XP percentage of total XP
 D = Spawn monster count
 E = Non-spawn monster count
 F = Spawn count percentage of total count
 G = Total turns spent on level
                    A         B        C        D         E        F      G
               +---------+---------+-------+---------+---------+-------+---------
         Total |       0 |      54 |   0.0 |       0 |      28 |   0.0 |  1232
               +---------+---------+-------+---------+---------+-------+---------
           D:1 |       0 |      54 |   0.0 |       0 |      28 |   0.0 |  1202
               +---------+---------+-------+---------+---------+-------+---------
